[Event "ICC tourney 2128 (3 2)"]
[Site "Internet Chess Club"]
[Date "2020.11.13"]
[Round "1"]
[White "VincentT2008"]
[Black "Jeffchess"]
[Result "1-0"]
[ICCResult "Black checkmated"]
[WhiteElo "1244"]
[BlackElo "1367"]
[Opening "QGD: semi-Slav, Marshall gambit"]
[ECO "D10"]
[NIC "SL.06"]
[Time "20:01:06"]
[TimeControl "180+2"]

1. d4 c6 2. c4 d5 3. Nc3 e6 4. e4 Bb4 5. Qc2 dxc4 6. Nf3 b5 7. a3 Qa5 8. Be2
Bxc3+ 9. bxc3 Ne7 10. O-O O-O 11. a4 a6 12. Bf4 Qb6 13. a5 Qb7 14. Rfd1 Nd7
15. Rab1 Nf6 16. Bxc4 Qd7 17. Bd3 Bb7 18. e5 Nfd5 19. Bg3 f5 20. exf6 Nxf6
21. Re1 Rfe8 22. Ne5 Qd5 23. Bh4 c5 24. f3 h6 25. Bxf6 gxf6 26. Be4 Qd6 27.
Ng4 Bxe4 28. Nxf6+ Kf7 29. Nxe4 Qb8 30. Qe2 Nf5 31. dxc5 Rg8 32. Rbd1 Ra7
33. Nd6+ Nxd6 34. Qxe6+ Kg7 35. cxd6 Kh7 36. d7 Qd8 37. Qf5+ Rg6 38. Re6
Rxd7 39. Qxg6+ Kh8 40. Qxh6+ Kg8 41. Rg6+ Kf7 42. Qh7+ Ke8 43. Rg8#
{Black checkmated}
1-0

[Event "ICC tourney 2128 (3 2)"]
[Site "Internet Chess Club"]
[Date "2020.11.13"]
[Round "1"]
[White "smashattack"]
[Black "jpbaligad"]
[Result "1-0"]
[ICCResult "Black checkmated"]
[WhiteElo "1457"]
[BlackElo "1293"]
[Opening "King's Indian: Andersson variation"]
[ECO "E92"]
[NIC "KI.18"]
[Time "20:01:12"]
[TimeControl "180+2"]

1. d4 Nf6 2. c4 g6 3. Nc3 Bg7 4. e4 d6 5. Nf3 O-O 6. Be2 e5 7. dxe5 dxe5 8.
Qxd8 Rxd8 9. Nd5 Nxd5 10. cxd5 c6 11. Bc4 Bg4 12. Bg5 Re8 13. O-O h6 14. Be3
cxd5 15. Bxd5 Nc6 16. Rac1 Rac8 17. a3 a6 18. Rfd1 Be6 19. Bxe6 Rxe6 20. Rd7
b5 21. Ne1 Rce8 22. Nd3 Nd4 23. Bxd4 exd4 24. f3 f5 25. Rcc7 Bf6 26. Nf4
R6e7 27. Nd5 Rxd7 28. Nxf6+ Kh8 29. Rxd7 Rc8 30. Rh7# {Black checkmated} 1-0

[Event "ICC tourney 2128 (3 2)"]
[Site "Internet Chess Club"]
[Date "2020.11.13"]
[Round "1"]
[White "bopala"]
[Black "pari538"]
[Result "1-0"]
[ICCResult "Black checkmated"]
[WhiteElo "1483"]
[BlackElo "1317"]
[Opening "QGD: exchange, positional line"]
[ECO "D35"]
[NIC "QO.16"]
[Time "20:01:13"]
[TimeControl "180+2"]

1. d4 d5 2. c4 e6 3. Nc3 Nf6 4. cxd5 exd5 5. Bg5 Nbd7 6. e3 c6 7. Nf3 Qa5 8.
Bd3 Bb4 9. Qc2 Ne4 10. Bxe4 dxe4 11. Nd2 O-O 12. Ndxe4 f5 13. Nd2 Bxc3 14.
bxc3 Qd5 15. O-O Nf6 16. c4 Qd6 17. Bf4 Qe6 18. Nf3 Qe7 19. Ne5 Nh5 20. Rfe1
Nxf4 21. exf4 Qh4 22. Qb3 Qxf4 23. c5+ Kh8 24. Nf7+ Rxf7 25. Qxf7 h6 26.
Re8+ Kh7 27. Qg8+ Kg6 28. Rxc8 Rxc8 29. Qxc8 Qxd4 30. Qe6+ Kh7 31. Qxf5+ Kh8
32. Re1 Qd8 33. Qg6 Qf8 34. Re8 Qg8 35. Rxg8+ Kxg8 36. Qe8+ Kh7 37. Qd7 b6
38. Qxa7 b5 39. Qb6 b4 40. Qxb4 h5 41. Qe4+ g6 42. Qxc6 Kh6 43. Qd7 Kg5 44.
c6 Kh6 45. c7 Kg5 46. c8=Q Kh6 47. Qh8+ Kg5 48. Qd2+ Kh4 49. Qf4#
{Black checkmated}
1-0

[Event "ICC tourney 2128 (3 2)"]
[Site "Internet Chess Club"]
[Date "2020.11.13"]
[Round "1"]
[White "A4-H5"]
[Black "yogokings12"]
[Result "1-0"]
[ICCResult "Black resigns"]
[WhiteElo "1879"]
[BlackElo "1526"]
[Opening "English opening"]
[ECO "A16"]
[NIC "EO.64"]
[Time "20:01:06"]
[TimeControl "180+2"]

1. c4 Nf6 2. Nc3 g6 3. e4 Bg7 4. e5 Ng8 5. Nf3 d6 6. d4 Nc6 7. Bf4 Bg4 8.
Qa4 Bxf3 9. gxf3 dxe5 10. Bxe5 Bxe5 11. dxe5 Qd7 12. Rd1 Qe6 13. f4 Nh6 14.
h4 O-O 15. Bh3 Nf5 16. Nd5 Rac8 17. Ne3 Rfd8 18. O-O Rxd1 19. Rxd1 Kh8 20.
Nxf5 gxf5 21. Qc2 Rg8+ 22. Kh2 Qh6 23. Qxf5 Qxh4 24. Rd2 e6 25. Qxf7 Qh6 26.
Qf6+ Qxf6 27. exf6 Rf8 28. Bxe6 Rxf6 29. f5 Ne5 30. Rd8+ Kg7 31. Rg8+ Kh6
32. f4 Nf3+ 33. Kg3 Nd4 34. Bc8 Nxf5+ 35. Bxf5 Rxf5 36. Kg4 Rf6 37. f5 Rc6
38. b3 b6 39. Kf4 Kh5 40. Ke5 Kh4 41. f6 {Black resigns} 1-0

[Event "ICC tourney 2128 (3 2)"]
[Site "Internet Chess Club"]
[Date "2020.11.13"]
[Round "1"]
[White "SBomm18"]
[Black "stephenwilly"]
[Result "0-1"]
[ICCResult "White resigns"]
[WhiteElo "1816"]
[BlackElo "1546"]
[Opening "Ruy Lopez: Berlin defense, Beverwijk variation"]
[ECO "C65"]
[NIC "RL.07"]
[Time "20:01:09"]
[TimeControl "180+2"]

1. e4 e5 2. Nf3 Nc6 3. Bb5 Nf6 4. O-O Bc5 5. d3 d6 6. h3 O-O 7. c3 Bb6 8.
Bg5 h6 9. Bh4 Be6 10. Nbd2 Qc8 11. Kh2 Nd7 12. Bc4 Nc5 13. d4 Bxc4 14. dxc5
Bxf1 15. cxb6 Bd3 16. bxc7 Qxc7 17. Qe1 Ne7 18. Qe3 Bb5 19. c4 Bc6 20. Rd1
Ng6 21. Bg3 Rfe8 22. Nb3 b6 23. h4 Rac8 24. h5 Nf8 25. Nh4 Nd7 26. Nf5 Nf6
27. Nxd6 Ng4+ 28. Kh1 Nxe3 29. fxe3 Rcd8 30. Rf1 Rxd6 31. Rf5 Bxe4 32. Rf1
Qxc4 33. Kh2 Qxf1 {White resigns} 0-1

[Event "ICC tourney 2128 (3 2)"]
[Site "Internet Chess Club"]
[Date "2020.11.13"]
[Round "1"]
[White "Kinawa"]
[Black "Tombstone"]
[Result "0-1"]
[ICCResult "White forfeits on time"]
[WhiteElo "1439"]
[BlackElo "1689"]
[Opening "Sicilian: Najdorf"]
[ECO "B90"]
[NIC "SI.14"]
[Time "20:01:14"]
[TimeControl "180+2"]

1. e4 c5 2. Nf3 d6 3. d4 cxd4 4. Nxd4 Nf6 5. Nc3 a6 6. f3 e5 7. Nb3 Be6 8.
Be3 h5 9. Qd2 Nbd7 10. Be2 Be7 11. a4 Rc8 12. O-O Nb6 13. a5 Nc4 14. Bxc4
Bxc4 15. Nd5 Nxd5 16. exd5 Bxf1 17. Rxf1 Qc7 18. c3 Qc4 19. Nc1 O-O 20. Ne2
f5 21. Bf2 f4 22. b4 Bg5 23. Re1 Bh6 24. Bh4 g5 25. Bf2 Kg7 26. h3 g4 27.
hxg4 hxg4 28. Bb6 g3 29. Rd1 Rf6 30. Qd3 Qxd3 31. Rxd3 Bg5 32. Kf1 Rh6 33.
Ng1 Rh1 34. Rd1 Rxc3 35. Ke2 Rc4 {White forfeits on time} 0-1

[Event "ICC tourney 2128 (3 2)"]
[Site "Internet Chess Club"]
[Date "2020.11.13"]
[Round "1"]
[White "Mozart1"]
[Black "ranu540"]
[Result "1-0"]
[ICCResult "Black checkmated"]
[WhiteElo "1740"]
[BlackElo "1380"]
[Opening "Sicilian: accelerated fianchetto, Maróczy bind, 6.Be3"]
[ECO "B38"]
[NIC "SI.33"]
[Time "20:01:11"]
[TimeControl "180+2"]

1. e4 c5 2. Nf3 Nc6 3. d4 cxd4 4. Nxd4 g6 5. c4 Bg7 6. Be3 Nf6 7. Nc3 O-O 8.
Be2 e6 9. Ndb5 a6 10. Nd6 Qc7 11. O-O Ne8 12. Bf4 Nxd6 13. Bxd6 Qd8 14. Bxf8
Qxf8 15. a3 Nd4 16. Rc1 d6 17. b4 Bd7 18. Bd3 Rc8 19. Ne2 Qe7 20. Nxd4 Bxd4
21. Be2 b5 22. Qxd4 d5 23. cxd5 exd5 24. Rxc8+ Bxc8 25. Qxd5 Bd7 26. Rd1 Be6
27. Qd8+ Qxd8 28. Rxd8+ Kg7 29. Ra8 Bc4 30. Bxc4 bxc4 31. Rc8 c3 32. Rxc3 a5
33. b5 f5 34. exf5 Kf7 35. b6 Ke7 36. fxg6 Kd7 37. gxh7 Ke7 38. h8=Q Kd6 39.
Qd4+ Ke6 40. Re3+ Kf7 41. Qf4+ Kg7 42. Rg3+ Kh7 43. Qh4# {Black checkmated}
1-0

[Event "ICC tourney 2128 (3 2)"]
[Site "Internet Chess Club"]
[Date "2020.11.13"]
[Round "1"]
[White "ChessStar22"]
[Black "ROWLAND"]
[Result "1/2-1/2"]
[ICCResult "White stalemated"]
[WhiteElo "1420"]
[BlackElo "1460"]
[Opening "King's Indian defense, 3.Nc3"]
[ECO "E61"]
[NIC "KI.80"]
[Time "20:01:29"]
[TimeControl "180+2"]

1. d4 Nf6 2. c4 g6 3. Nc3 Bg7 4. Bg5 O-O 5. e3 c6 6. Nf3 d5 7. cxd5 cxd5 8.
Bd3 Nc6 9. a3 Bg4 10. h3 Bxf3 11. Qxf3 Qd7 12. Bxf6 exf6 13. Qxd5 Rad8 14.
Qxd7 Rxd7 15. Bb5 Re8 16. Bxc6 bxc6 17. O-O f5 18. Rfd1 f4 19. Re1 fxe3 20.
Rxe3 Rxe3 21. fxe3 c5 22. Rd1 cxd4 23. exd4 Rxd4 24. Rxd4 Bxd4+ 25. Kf1 Bxc3
26. bxc3 Kf8 27. Ke2 Ke7 28. Ke3 Kd6 29. Kd4 f5 30. g3 g5 31. a4 a5 32. c4
f4 33. gxf4 gxf4 34. Ke4 Kc5 35. Kxf4 Kxc4 36. Kg5 Kb4 37. Kh6 Kxa4 38. Kxh7
Kb3 39. Kg8 a4 40. h4 a3 41. h5 a2 42. h6 a1=Q 43. h7 Qa8+ 44. Kg7 Qg2+ 45.
Kh8 Qb2+ 46. Kg8 Qg2+ 47. Kh8 Qh3 48. Kg8 Qg4+ 49. Kh8 Qh5 50. Kg8 Qg6+ 51.
Kh8 Qe8+ 52. Kg7 Qe7+ 53. Kg8 Qe6+ 54. Kg7 Qe5+ 55. Kg8 Qg5+ 56. Kh8 Qf6+
57. Kg8 Qg6+ 58. Kh8 Qf6+ 59. Kg8 Qg6+ 60. Kh8 Qf6+ 61. Kg8 Qg6+ 62. Kh8 Kc4
{White stalemated}
1/2-1/2

[Event "ICC tourney 2128 (3 2)"]
[Site "Internet Chess Club"]
[Date "2020.11.13"]
[Round "1"]
[White "lucachesschess"]
[Black "ritterfork"]
[Result "1-0"]
[ICCResult "Black checkmated"]
[WhiteElo "1439"]
[BlackElo "1279"]
[Opening "King's Indian: Larsen variation"]
[ECO "E90"]
[NIC "KI.13"]
[Time "20:01:11"]
[TimeControl "180+2"]

1. d4 Nf6 2. c4 g6 3. Nc3 Bg7 4. e4 d6 5. Nf3 O-O 6. Be3 Nbd7 7. Be2 e5 8.
O-O Re8 9. Qc2 exd4 10. Nxd4 Nc5 11. f3 a5 12. Rac1 Bd7 13. Rfe1 Qe7 14. Nd5
Nxd5 15. cxd5 Qe5 16. Nb5 Rac8 17. Bd4 Qe7 18. Bxg7 Kxg7 19. a3 h5 20. b4
axb4 21. axb4 Na6 22. Nd4 Qe5 23. Qc3 c5 24. bxc5 Rxc5 25. Qd3 Nb4 26. Qd2
Rec8 27. Rxc5 Rxc5 28. Qxb4 b5 29. Qb2 h4 30. Rb1 h3 31. g3 f6 32. Ne6+ Bxe6
33. Qxe5 dxe5 34. dxe6 Rc2 35. Kf1 b4 36. Rxb4 Rc1+ 37. Kf2 Rh1 38. Rb7+ Kh6
39. e7 Rxh2+ 40. Ke3 Rg2 41. e8=Q h2 42. Qh8+ Kg5 43. f4+ exf4+ 44. gxf4#
{Black checkmated}
1-0

[Event "ICC tourney 2128 (3 2)"]
[Site "Internet Chess Club"]
[Date "2020.11.13"]
[Round "1"]
[White "chessfidebullet"]
[Black "PearsonH"]
[Result "1-0"]
[ICCResult "Black forfeits on time"]
[WhiteElo "1123"]
[BlackElo "1408"]
[Opening "French: advance, Paulsen attack"]
[ECO "C00"]
[NIC "FR.01"]
[Time "20:01:12"]
[TimeControl "180+2"]

1. e4 e6 2. Nf3 d5 3. e5 c5 4. d4 Nc6 5. c3 Qb6 6. Qb3 cxd4 7. Bb5 dxc3 8.
Nxc3 Bd7 9. Be3 Qc7 10. Rc1 Nxe5 11. Nxd5 Nxf3+ 12. gxf3 Qa5+ 13. Nc3 Bxb5
14. Qxb5+ Qxb5 15. Nxb5 Kd8 16. Bxa7 Bb4+ 17. Ke2 Ne7 18. Rhd1+ Nd5 19. Bb6+
Ke7 20. Bc5+ Bxc5 21. Rxc5 Rxa2 22. Rd2 Nf4+ 23. Kd1 Ra1+ 24. Kc2 Nd5 25.
Nc7 Nb4+ 26. Kb3 Nc6 27. Nb5 Rh1 28. Kc4 Rxh2 29. Rc2 Rh4+ 30. Kb3 Rd8 31.
R2c3 Na5+ 32. Kc2 Nc6 33. Na3 Nd4+ 34. Kb1 Rh1+ 35. Ka2 Nc6 36. Rb5 Rd7 37.
Rxb7 Rxb7 38. Rxc6 Rf1 39. Rc2 Rd1 40. Nc4 Rd3 41. b3 Rxf3 42. Na5 Ra7 43.
b4 Rd7 44. Nc6+ Kf6 45. Na5 Rf4 46. Nc4 Rc7 47. Kb3 h5 48. Ne3 h4 49. Rxc7
{Black forfeits on time}
1-0

[Event "ICC tourney 2128 (3 2)"]
[Site "Internet Chess Club"]
[Date "2020.11.13"]
[Round "1"]
[White "moneymo"]
[Black "Adityaki05"]
[Result "1-0"]
[ICCResult "Black checkmated"]
[WhiteElo "1625"]
[BlackElo "1341"]
[Opening "Gedult's opening"]
[ECO "A00"]
[Time "20:02:22"]
[TimeControl "180+2"]

1. f3 g6 2. c3 Bg7 3. d4 e6 4. e4 Ne7 5. h4 h5 6. g4 hxg4 7. fxg4 d5 8. e5
c5 9. Nf3 Nbc6 10. Be3 Bd7 11. Bg2 Qb6 12. b3 cxd4 13. cxd4 f6 14. exf6 Bxf6
15. h5 gxh5 16. Rxh5 Rxh5 17. gxh5 Nf5 18. Bf2 Ncxd4 19. Nbd2 Nxf3+ 20. Nxf3
Qb4+ 21. Kf1 Bxa1 22. Qxa1 Bb5+ 23. Kg1 d4 24. Nxd4 Nxd4 25. Bxd4 Rd8 26.
Bxa7 Qd6 27. Qh8+ Qf8 28. Qe5 Rd1+ 29. Kh2 Qd6 30. Bb8 Qxe5+ 31. Bxe5 Bc6
32. Bxc6+ bxc6 33. h6 Kf7 34. h7 Rd2+ 35. Kg3 Rd3+ 36. Kg4 Rd8 37. h8=Q Rxh8
38. Bxh8 Ke7 39. Be5 Kd7 40. Kf4 c5 41. Ke4 Kc6 42. a4 Kb6 43. Bc3 Kc6 44.
Ke5 Kd7 45. a5 Ke7 46. a6 Kd7 47. a7 c4 48. bxc4 Kc6 49. a8=Q+ Kc7 50. Ba5+
Kd7 51. Qd8+ Kc6 52. Qc7# {Black checkmated} 1-0

[Event "ICC tourney 2128 (3 2)"]
[Site "Internet Chess Club"]
[Date "2020.11.13"]
[Round "2"]
[White "PearsonH"]
[Black "pari538"]
[Result "1-0"]
[ICCResult "Black checkmated"]
[WhiteElo "1410"]
[BlackElo "1240"]
[Opening "Queen's pawn, Mason variation"]
[ECO "D00"]
[NIC "QP.08"]
[Time "20:12:36"]
[TimeControl "180+2"]

1. d4 d5 2. Bf4 Nf6 3. e3 e6 4. Nd2 Bb4 5. c3 Be7 6. Ngf3 O-O 7. Bd3 Nbd7 8.
Ne5 Nxe5 9. dxe5 Nd7 10. Qh5 g6 11. Qe2 f6 12. exf6 Nxf6 13. Nf3 Nh5 14. Bh6
Rf7 15. Ne5 Rf6 16. Qg4 Ng7 17. h4 Qf8 18. f3 c5 19. h5 c4 20. Bc2 gxh5 21.
Rxh5 Kh8 22. Rg5 Nf5 23. Bxf8 Rg6 24. Rxg6 hxg6 25. Qxg6 Bxf8 26. Nf7#
{Black checkmated}
1-0

[Event "ICC tourney 2128 (3 2)"]
[Site "Internet Chess Club"]
[Date "2020.11.13"]
[Round "2"]
[White "jpbaligad"]
[Black "ChessStar22"]
[Result "1-0"]
[ICCResult "Black checkmated"]
[WhiteElo "1377"]
[BlackElo "1336"]
[Opening "Caro-Kann: Hillbilly attack"]
[ECO "B10"]
[NIC "CK.01"]
[Time "20:12:54"]
[TimeControl "180+2"]

1. e4 c6 2. Bc4 d5 3. Bb3 dxe4 4. Qh5 g6 5. Qh4 Nf6 6. Nc3 Bg7 7. f3 exf3 8.
Nxf3 O-O 9. d4 Bg4 10. O-O Bxf3 11. Rxf3 Nd5 12. Bh6 Nxc3 13. bxc3 e6 14.
Qh3 Bxh6 15. Qxh6 Nd7 16. Raf1 Nb6 17. Rh3 Re8 18. Qxh7+ Kf8 19. Qxf7#
{Black checkmated}
1-0

[Event "ICC tourney 2128 (3 2)"]
[Site "Internet Chess Club"]
[Date "2020.11.13"]
[Round "2"]
[White "ranu540"]
[Black "Jeffchess"]
[Result "0-1"]
[ICCResult "White checkmated"]
[WhiteElo "1277"]
[BlackElo "1369"]
[Opening "Sicilian: Kan, 5.Nc3"]
[ECO "B43"]
[NIC "SI.43"]
[Time "20:12:53"]
[TimeControl "180+2"]

1. e4 c5 2. Nf3 e6 3. d4 a6 4. Nc3 cxd4 5. Nxd4 Bc5 6. Be3 Nf6 7. Bd3 Bxd4
8. Bxd4 Nc6 9. Be3 d5 10. exd5 exd5 11. O-O O-O 12. Qf3 d4 13. Bg5 dxc3 14.
Bxf6 Qxf6 15. Qxf6 gxf6 16. bxc3 Ne5 17. Rfe1 Be6 18. Be4 Rab8 19. a3 Rfc8
20. Re3 Nc4 21. Rg3+ Kh8 22. a4 Nd2 23. Bd3 Rxc3 24. Rd1 Nc4 25. Re1 Ra3 26.
Re4 Ne5 27. Rd4 Nxd3 28. Rdxd3 Ra1+ 29. Rd1 Rxd1# {White checkmated} 0-1

[Event "ICC tourney 2128 (3 2)"]
[Site "Internet Chess Club"]
[Date "2020.11.13"]
[Round "2"]
[White "chessfidebullet"]
[Black "Mozart1"]
[Result "1-0"]
[ICCResult "Black checkmated"]
[WhiteElo "1154"]
[BlackElo "1709"]
[Opening "Scotch game"]
[ECO "C45"]
[NIC "SO.05"]
[Time "20:12:37"]
[TimeControl "180+2"]

1. e4 e5 2. Nf3 Nc6 3. d4 exd4 4. Nxd4 Bc5 5. Nxc6 Qf6 6. Qf3 Qxc6 7. Bd3 d6
8. Nc3 Bb4 9. Bd2 Nf6 10. Bb5 Qxb5 11. Nxb5 Bxd2+ 12. Kxd2 Kd8 13. Qd3 Bd7
14. a4 Ng4 15. Qc4 Bxb5 16. axb5 Ne5 17. Qc3 Re8 18. f4 Ng6 19. Qxg7 Rxe4
20. Qg8+ Re8 21. Qxf7 Re7 22. Qg8+ Re8 23. Qxh7 Nxf4 24. Rhe1 Nxg2 25. Rxe8+
Kxe8 26. Qg8+ Kd7 27. Qxa8 Nf4 28. Qxa7 Ne6 29. Qxb7 Nc5 30. Qc6+ Ke6 31.
Ra7 Ke5 32. Rxc7 Ne4+ 33. Ke3 Nf6 34. Re7+ Kf5 35. Qxd6 Kg5 36. Re5+ Kh4 37.
Qd4+ Kh3 38. Rf5 Ng4+ 39. Kf3 Nxh2+ 40. Kf4 Nf1 41. Qd3+ Kh2 42. Qe2+ Kg1
43. Qg4+ Kh1 44. Rh5+ Nh2 45. Qf3+ Kg1 46. Rg5+ Ng4 47. Rxg4+ Kh2 48. Qg2#
{Black checkmated}
1-0

[Event "ICC tourney 2128 (3 2)"]
[Site "Internet Chess Club"]
[Date "2020.11.13"]
[Round "2"]
[White "Tombstone"]
[Black "VincentT2008"]
[Result "1-0"]
[ICCResult "Black checkmated"]
[WhiteElo "1691"]
[BlackElo "1242"]
[Opening "King's Indian: fianchetto, Panno variation"]
[ECO "E63"]
[NIC "KI.70"]
[Time "20:13:02"]
[TimeControl "180+2"]

1. d4 Nf6 2. c4 g6 3. Nf3 Bg7 4. g3 d6 5. Bg2 O-O 6. O-O Nc6 7. Nc3 a6 8. h3
Rb8 9. e4 b5 10. d5 Na5 11. cxb5 axb5 12. Qc2 Bd7 13. b4 Nc4 14. Nd2 Nxd2
15. Bxd2 c5 16. bxc5 dxc5 17. Bf4 Rc8 18. Rab1 b4 19. Ne2 Qa5 20. g4 Ba4 21.
Qd2 Nd7 22. a3 Bc3 23. Nxc3 bxc3 24. Qe1 Ra8 25. Rc1 c2 26. Bd2 Qb5 27. Qe3
Ne5 28. Bc3 f6 29. Bxe5 fxe5 30. Qc3 Rab8 31. Qxe5 Qe2 32. Qxe7 Rb1 33. Rxb1
cxb1=Q 34. Rxb1 Qxf2+ 35. Kh1 Bc2 36. Rf1 Qxf1+ 37. Bxf1 Rxf1+ 38. Kg2 Re1
39. Qe8+ Kg7 40. Qd7+ Kg8 41. Qe6+ Kg7 42. e5 Be4+ 43. Kf2 Rd1 44. d6 c4 45.
Qxc4 Bd5 46. Qc7+ Kg8 47. d7 Rd2+ 48. Ke3 Be6 49. Kxd2 Bxd7 50. Qxd7 h5 51.
g5 h4 52. e6 Kf8 53. Qf7# {Black checkmated} 1-0

[Event "ICC tourney 2128 (3 2)"]
[Site "Internet Chess Club"]
[Date "2020.11.13"]
[Round "2"]
[White "stephenwilly"]
[Black "A4-H5"]
[Result "0-1"]
[ICCResult "White checkmated"]
[WhiteElo "1542"]
[BlackElo "1883"]
[Opening "Sicilian: Smith-Morra gambit"]
[ECO "B21"]
[NIC "SI.48"]
[Time "20:13:15"]
[TimeControl "180+2"]

1. e4 c5 2. d4 cxd4 3. c3 d3 4. Bxd3 Nc6 5. Bc4 d6 6. Nf3 g6 7. Be3 Bg7 8.
Nbd2 Nf6 9. O-O Ng4 10. Bxf7+ Kxf7 11. h3 Nxe3 12. fxe3 Bf6 13. Qb3+ Kg7 14.
e5 dxe5 15. Ne4 Qg8 16. Qc2 Bf5 17. g4 Bxe4 18. Qxe4 g5 19. Kh2 Rd8 20. h4
h6 21. h5 Qh7 22. Qc4 Rhf8 23. Ng1 Rd2+ 24. Kg3 Qc2 25. Nf3 e4 26. Nxd2 Qxd2
27. Qxe4 Be5+ 28. Rf4 gxf4+ 29. exf4 Qxf4+ 30. Qxf4 Rxf4 31. Kh3 Rf3+ 32.
Kg2 Rg3+ 33. Kf2 Rxg4 34. Re1 Bd6 35. b4 a6 36. Kf3 Rf4+ 37. Kg2 Ne5 38. Kg3
Rg4+ 39. Kh3 Rg5 40. Kh4 Nf3+ 41. Kh3 Rg3# {White checkmated} 0-1

[Event "ICC tourney 2128 (3 2)"]
[Site "Internet Chess Club"]
[Date "2020.11.13"]
[Round "2"]
[White "lucachesschess"]
[Black "moneymo"]
[Result "0-1"]
[ICCResult "White checkmated"]
[WhiteElo "1431"]
[BlackElo "1633"]
[Opening "QGD Slav: 3.Nf3"]
[ECO "D11"]
[NIC "QO.17"]
[Time "20:12:36"]
[TimeControl "180+2"]

1. d4 c6 2. Nf3 d5 3. c4 e6 4. Bf4 Nd7 5. Nc3 Be7 6. e3 a6 7. Be2 g5 8. Bg3
h5 9. h4 g4 10. Ng5 Kf8 11. Qc2 Kg7 12. e4 Nf8 13. exd5 cxd5 14. cxd5 exd5
15. O-O-O f6 16. Nxd5 Qxd5 17. Bc4 Qc6 18. d5 Qe8 19. d6 Bd8 20. Rhe1 Qg6
21. Qc3 Nh6 22. Bb3 Bf5 23. Re7+ Bxe7 24. dxe7 Rc8 25. Bc4 Nd7 26. Qd4 b5
27. Kd2 Rxc4 28. Qd5 Re8 29. f3 Rxe7 30. fxg4 hxg4 31. Bf4 Nb6 32. Qd6 Rc2#
{White checkmated}
0-1

[Event "ICC tourney 2128 (3 2)"]
[Site "Internet Chess Club"]
[Date "2020.11.13"]
[Round "2"]
[White "yogokings12"]
[Black "Adityaki05"]
[Result "1/2-1/2"]
[ICCResult "Game drawn because neither player has mating material"]
[WhiteElo "1525"]
[BlackElo "1387"]
[Opening "Robatsch (modern) defense"]
[ECO "B06"]
[NIC "KF.05"]
[Time "20:13:10"]
[TimeControl "180+2"]

1. e4 g6 2. d4 Bg7 3. Nf3 e6 4. Nc3 Ne7 5. Be3 d5 6. e5 O-O 7. Qd2 c5 8. Bh6
Bxh6 9. Qxh6 Nf5 10. Qd2 cxd4 11. Nxd4 Nxd4 12. Qxd4 Nc6 13. Qf4 Qc7 14.
O-O-O Qxe5 15. Qd2 Bd7 16. h4 h5 17. f4 Qc7 18. Be2 Ne7 19. g4 hxg4 20. Bxg4
Bc6 21. Bf3 d4 22. Ne4 Bxe4 23. Bxe4 Rad8 24. h5 f5 25. Bf3 e5 26. fxe5 Qxe5
27. hxg6 Nxg6 28. Qh6 Qe3+ 29. Kb1 Qxh6 30. Rxh6 Kg7 31. Rdh1 Rh8 32. Rxh8
Rxh8 33. Rxh8 Nxh8 34. Bxb7 Kf6 35. Kc1 Ke5 36. Kd1 Kf4 37. Ke2 Kg3 38. Kd3
f4 39. Kxd4 Ng6 40. c4 f3 41. Bxf3 Kxf3 42. c5 Ne7 43. Ke5 Ke3 44. Kd6 Nf5+
45. Ke5 Nd4 46. Kd5 Kd3 47. c6 Nxc6 48. Kxc6 Kc2 49. b4 Kc3 50. b5 Kb4 51.
a3+ Ka5 52. Kc5 Ka4 53. Kc6 Ka5 54. Kc5 Ka4 55. Kc4 Kxa3 56. Kc5 Ka4 57. b6
axb6+ 58. Kxb6 {Game drawn because neither player has mating material}
1/2-1/2

[Event "ICC tourney 2128 (3 2)"]
[Site "Internet Chess Club"]
[Date "2020.11.13"]
[Round "2"]
[White "ROWLAND"]
[Black "SBomm18"]
[Result "0-1"]
[ICCResult "White resigns"]
[WhiteElo "1456"]
[BlackElo "1820"]
[Opening "Sicilian, Chekhover variation"]
[ECO "B53"]
[NIC "SI.02"]
[Time "20:13:30"]
[TimeControl "180+2"]

1. e4 c5 2. Nf3 d6 3. d4 cxd4 4. Qxd4 Nc6 5. Bb5 Bd7 6. Bxc6 bxc6 7. c4 c5
8. Qd3 Nf6 9. Nc3 g6 10. h3 Bg7 11. O-O O-O 12. Bg5 Rb8 13. b3 Qa5 14. Rac1
Bc6 15. e5 Nh5 16. Bxe7 dxe5 17. Bxf8 Rxf8 18. Nd5 Kh8 19. Rfe1 Re8 20. g4
Nf6 21. Nxe5 Nxd5 22. Nxf7+ Kg8 23. Rxe8+ Bxe8 24. Qxd5 Bxf7 25. Qa8+ Bf8
26. Rd1 Kg7 27. Rd7 Qe1+ 28. Kg2 Qe6 29. Qxa7 Bd6 30. Rxf7+ Qxf7 31. Qxf7+
Kxf7 32. Kf3 Ke6 33. Ke4 g5 34. a4 Bc7 35. f3 h6 36. h4 gxh4 37. f4 h3 38.
f5+ Kf6 39. Kf3 h5 40. gxh5 Kxf5 41. h6 Kg6 42. Kf2 Kxh6 43. Kg1 Kg6 44. Kf2
Kf5 45. Kf3 h2 46. Kg2 Ke4 47. a5 Bxa5 48. Kxh2 Kd3 49. Kg2 Kc3 50. Kf3 Kxb3
51. Ke4 Kxc4 52. Ke3 Kc3 53. Ke2 c4 54. Kd1 Kb2 55. Ke2 c3 56. Kd3 c2 57.
Ke2 c1=Q {White resigns} 0-1

[Event "ICC tourney 2128 (3 2)"]
[Site "Internet Chess Club"]
[Date "2020.11.13"]
[Round "2"]
[White "smashattack"]
[Black "bopala"]
[Result "1-0"]
[ICCResult "Black forfeits on time"]
[WhiteElo "1463"]
[BlackElo "1387"]
[Opening "QGD: Neo-orthodox variation, 7.Bh4"]
[ECO "D56"]
[NIC "QP.08"]
[Time "20:12:44"]
[TimeControl "180+2"]

1. d4 d5 2. c4 e6 3. Nc3 Be7 4. Nf3 Nf6 5. Bg5 O-O 6. e3 h6 7. Bh4 Nbd7 8.
c5 b6 9. b4 a5 10. a3 axb4 11. axb4 Rxa1 12. Qxa1 bxc5 13. bxc5 c6 14. Bd3
e5 15. Be2 e4 16. Nd2 Nh7 17. Bg3 f5 18. O-O g5 19. f4 gxf4 20. Bxf4 Bg5 21.
Bh5 Bxf4 22. Rxf4 Ndf6 23. Bg6 Ng4 24. Qa7 Bd7 25. Bxh7+ Kxh7 26. Nf1 Rg8
27. Nxd5 Rg7 28. Nb6 Be6 29. Qa4 Qg5 30. g3 Qh5 31. Qxc6 Nxh2 32. Nxh2 Rxg3+
33. Kh1 Qd1+ 34. Rf1 Qe2 35. Rg1 {Black forfeits on time} 1-0

[Event "ICC tourney 2128 (3 2)"]
[Site "Internet Chess Club"]
[Date "2020.11.13"]
[Round "2"]
[White "ritterfork"]
[Black "Kinawa"]
[Result "1-0"]
[ICCResult "Black resigns"]
[WhiteElo "1419"]
[BlackElo "1436"]
[Opening "Caro-Kann: exchange variation"]
[ECO "B13"]
[NIC "CK.02"]
[Time "20:12:39"]
[TimeControl "180+2"]

1. e4 c6 2. d4 d5 3. exd5 cxd5 4. c3 Nc6 5. Bd3 Nf6 6. Nf3 Bg4 7. O-O e6 8.
h3 Bh5 9. Re1 Bd6 10. Bg5 O-O 11. Nbd2 h6 12. Bh4 g5 13. Bg3 Bxg3 14. fxg3
g4 15. hxg4 Bxg4 16. Qb1 Nh5 17. Ne5 Qg5 18. Nxg4 Qxg4 19. Nf1 Nxg3 20. Nxg3
Qxg3 21. Qd1 Qg5 22. Qf3 Kh8 23. Kf2 Ne7 24. Re2 Ng6 25. Rh1 Nf4 26. Re3
Nxd3+ 27. Rxd3 Rg8 28. Re3 Rae8 29. Rh2 f5 30. Rh1 f4 31. Re5 Qg3+ 32. Kf1
Qxf3+ 33. gxf3 Kh7 34. Reh5 Rg6 35. R1h4 Reg8 36. Rxf4 Rg1+ 37. Kf2 Kg6 38.
Rhh4 Kg5 39. Kxg1 {Black resigns} 1-0

[Event "ICC tourney 2128 (3 2)"]
[Site "Internet Chess Club"]
[Date "2020.11.13"]
[Round "3"]
[White "moneymo"]
[Black "Tombstone"]
[Result "0-1"]
[ICCResult "White resigns"]
[WhiteElo "1620"]
[BlackElo "1704"]
[Opening "Sicilian: Grand Prix attack"]
[ECO "B21"]
[NIC "SI.48"]
[Time "20:23:54"]
[TimeControl "180+2"]

1. e4 c5 2. f4 d6 3. c3 Nf6 4. e5 Nd5 5. d4 cxd4 6. cxd4 g6 7. Nf3 Bg7 8.
Nc3 Nxc3 9. bxc3 O-O 10. h3 b6 11. Bd3 Bb7 12. O-O Nd7 13. Bb2 Qc7 14. Rc1
Rad8 15. Ng5 dxe5 16. fxe5 Bxe5 17. dxe5 Nxe5 18. Be2 Rxd1 19. Rcxd1 Nc4 20.
Bc1 Qc5+ 21. Kh2 Ne3 22. Bxe3 Qxe3 23. Bf3 Ba6 {White resigns} 0-1